Workbook

Sheet Tableau de bord
A1: Tableau de bord — Marge bénéficiaire
A2: Résultats calculés à partir des produits et services au statut Actif. Montants avant taxes.
A5: Indicateur | B5: Valeur | D5: Contrôle | E5: Résultat
A6: Ventes actives avant taxes | B6: =IFERROR(SUMIFS('Calculs de marge'!$G$7:$G$206,'Calculs de marge'!$D$7:$D$206,"Actif"),0) | D6: Marge brute cible | E6: ='Paramètres'!$B$8
A7: Coûts variables actifs | B7: =IFERROR(SUMIFS('Calculs de marge'!$M$7:$M$206,'Calculs de marge'!$D$7:$D$206,"Actif"),0) | D7: Écart de marge brute | E7: =IFERROR(B10-E6,0)
A8: Frais indirects actifs | B8: =IFERROR(SUMIFS('Calculs de marge'!$P$7:$P$206,'Calculs de marge'!$D$7:$D$206,"Actif"),0) | D8: Marge nette cible | E8: ='Paramètres'!$B$9
A9: Marge brute active | B9: =IFERROR(SUMIFS('Calculs de marge'!$R$7:$R$206,'Calculs de marge'!$D$7:$D$206,"Actif"),0) | D9: Écart de marge nette | E9: =IFERROR(B12-E8,0)
A10: Marge brute active % | B10: =IFERROR(B9/B6,0) | D10: Offres actives sous la marge brute cible | E10: =COUNTIFS('Calculs de marge'!$D$7:$D$206,"Actif",'Calculs de marge'!$S$7:$S$206,"<"&'Paramètres'!$B$8)
A11: Marge nette estimée active | B11: =IFERROR(SUMIFS('Calculs de marge'!$T$7:$T$206,'Calculs de marge'!$D$7:$D$206,"Actif"),0) | E11: =""
A12: Marge nette estimée active % | B12: =IFERROR(B11/B6,0) | E12: =""
E13: =""
E14: =""
A15: Catégorie | B15: Ventes actives avant taxes | C15: Marge nette estimée | D15: Marge nette estimée % | E15: ="" | F15: Produit ou service | G15: Prix unitaire actuel | H15: Prix suggéré | I15: Écart de prix | J15: Marge brute %
A16: Produit | B16: =IFERROR(SUMIFS('Calculs de marge'!$G$7:$G$206,'Calculs de marge'!$C$7:$C$206,$A16,'Calculs de marge'!$D$7:$D$206,"Actif"),0) | C16: =IFERROR(SUMIFS('Calculs de marge'!$T$7:$T$206,'Calculs de marge'!$C$7:$C$206,$A16,'Calculs de marge'!$D$7:$D$206,"Actif"),0) | D16: =IFERROR(C16/B16,0) | E16: ="" | F16: Gestion des médias sociaux | G16: ='Calculs de marge'!F11 | H16: ='Calculs de marge'!V11 | I16: ='Calculs de marge'!W11 | J16: ='Calculs de marge'!S11
A17: Service professionnel | B17: =IFERROR(SUMIFS('Calculs de marge'!$G$7:$G$206,'Calculs de marge'!$C$7:$C$206,$A17,'Calculs de marge'!$D$7:$D$206,"Actif"),0) | C17: =IFERROR(SUMIFS('Calculs de marge'!$T$7:$T$206,'Calculs de marge'!$C$7:$C$206,$A17,'Calculs de marge'!$D$7:$D$206,"Actif"),0) | D17: =IFERROR(C17/B17,0) | E17: ="" | F17: Panier-cadeau local | G17: ='Calculs de marge'!F14 | H17: ='Calculs de marge'!V14 | I17: ='Calculs de marge'!W14 | J17: ='Calculs de marge'!S14
A18: Service sur le terrain | B18: =IFERROR(SUMIFS('Calculs de marge'!$G$7:$G$206,'Calculs de marge'!$C$7:$C$206,$A18,'Calculs de marge'!$D$7:$D$206,"Actif"),0) | C18: =IFERROR(SUMIFS('Calculs de marge'!$T$7:$T$206,'Calculs de marge'!$C$7:$C$206,$A18,'Calculs de marge'!$D$7:$D$206,"Actif"),0) | D18: =IFERROR(C18/B18,0) | E18: =""
A19: Forfait récurrent | B19: =IFERROR(SUMIFS('Calculs de marge'!$G$7:$G$206,'Calculs de marge'!$C$7:$C$206,$A19,'Calculs de marge'!$D$7:$D$206,"Actif"),0) | C19: =IFERROR(SUMIFS('Calculs de marge'!$T$7:$T$206,'Calculs de marge'!$C$7:$C$206,$A19,'Calculs de marge'!$D$7:$D$206,"Actif"),0) | D19: =IFERROR(C19/B19,0) | E19: =""
A20: Formation | B20: =IFERROR(SUMIFS('Calculs de marge'!$G$7:$G$206,'Calculs de marge'!$C$7:$C$206,$A20,'Calculs de marge'!$D$7:$D$206,"Actif"),0) | C20: =IFERROR(SUMIFS('Calculs de marge'!$T$7:$T$206,'Calculs de marge'!$C$7:$C$206,$A20,'Calculs de marge'!$D$7:$D$206,"Actif"),0) | D20: =IFERROR(C20/B20,0) | E20: =""
A21: Autre | B21: =IFERROR(SUMIFS('Calculs de marge'!$G$7:$G$206,'Calculs de marge'!$C$7:$C$206,$A21,'Calculs de marge'!$D$7:$D$206,"Actif"),0) | C21: =IFERROR(SUMIFS('Calculs de marge'!$T$7:$T$206,'Calculs de marge'!$C$7:$C$206,$A21,'Calculs de marge'!$D$7:$D$206,"Actif"),0) | D21: =IFERROR(C21/B21,0) | E21: =""
B22: ="" | C22: ="" | D22: ="" | E22: =""
B23: ="" | C23: ="" | D23: ="" | E23: =""
B24: ="" | C24: ="" | D24: ="" | E24: =""
B25: ="" | C25: ="" | D25: ="" | E25: =""
B26: ="" | C26: ="" | D26: ="" | E26: =""
B27: ="" | C27: ="" | D27: ="" | E27: ="" | F27: Les offres affichées ci-dessus doivent être révisées lorsque le prix actuel est inférieur au prix suggéré selon la marge brute cible.
B28: ="" | C28: ="" | D28: ="" | E28: =""
B29: ="" | C29: ="" | D29: ="" | E29: =""
B30: ="" | C30: ="" | D30: ="" | E30: =""
B31: ="" | C31: ="" | D31: ="" | E31: =""
B32: ="" | C32: ="" | D32: ="" | E32: =""
B33: ="" | C33: ="" | D33: ="" | E33: =""
B34: ="" | C34: ="" | D34: ="" | E34: =""
B35: ="" | C35: ="" | D35: ="" | E35: =""
B36: ="" | C36: ="" | D36: ="" | E36: =""
B37: ="" | C37: ="" | D37: ="" | E37: =""
B38: ="" | C38: ="" | D38: ="" | E38: =""
B39: ="" | C39: ="" | D39: ="" | E39: =""
... B101: ="" | C101: ="" | D101: ="" | E101: =""

Sheet Paramètres
A1: Paramètres du modèle de marge bénéficiaire
A2: Modifiez uniquement les cellules jaunes. Les montants de vente et de coûts sont calculés avant TPS et TVQ.
A5: Paramètre | B5: Valeur | C5: Description | E5: Catégories de produits et services | G5: Statuts
A6: Taux TPS | B6: 0.05 | C6: Taxe sur les produits et services applicable au Québec. | E6: Produit | G6: Actif
A7: Taux TVQ | B7: 0.09975 | C7: Taxe de vente du Québec applicable au Québec. | E7: Service professionnel | G7: À réviser
A8: Marge brute cible | B8: 0.4 | C8: Objectif minimal de marge brute sur les ventes. | E8: Service sur le terrain | G8: Inactif
A9: Marge nette cible | B9: 0.2 | C9: Objectif minimal de marge nette estimée sur les ventes. | E9: Forfait récurrent
A10: Taux de frais indirects par défaut | B10: 0.1 | C10: Pourcentage des ventes attribué aux frais indirects lorsqu’aucun montant précis n’est saisi. | E10: Formation
A11: Devise | B11: CAD | C11: Tous les montants sont affichés en dollars canadiens. | E11: Autre
A12: Méthode de calcul | B12: Montants avant taxes | C12: Les taxes ne sont pas incluses dans la marge si elles sont récupérables.

Sheet Calculs de marge
A1: Calculs de marge bénéficiaire
A2: Saisissez les données dans les colonnes jaunes. Les ventes et coûts doivent être inscrits avant TPS et TVQ.
A3: Les taxes sont présentées à titre informatif seulement et ne doivent pas être intégrées aux revenus ou coûts si elles sont récupérables.
A6: Code | B6: Produit ou service | C6: Catégorie | D6: Statut | E6: Unités vendues | F6: Prix de vente unitaire avant taxes | G6: Ventes avant taxes | H6: Coût des matières ou achats par unité | I6: Main-d’œuvre directe par unité | J6: Sous-traitance par unité | K6: Autres coûts variables par unité | L6: Coût variable total par unité | M6: Coûts variables totaux | N6: Frais indirects attribués | O6: Frais indirects par défaut | P6: Frais indirects retenus | Q6: Coût total | R6: Marge brute | S6: Marge brute % | T6: Marge nette estimée | U6: Marge nette estimée % | V6: Prix unitaire suggéré selon marge brute cible | W6: Écart avec prix suggéré | X6: TPS estimée | Y6: TVQ estimée | Z6: Prix unitaire taxes incluses
A7: PRD-001 | B7: T-shirt corporatif brodé | C7: Produit | D7: Actif | E7: 120 | F7: 32 | G7: =IF(COUNTA(A7:F7,H7:K7,N7)=0,"",IFERROR(E7*F7,0)) | H7: 11.5 | I7: 4.25 | J7: 0 | K7: 1.1 | L7: =IF(COUNTA(A7:F7,H7:K7,N7)=0,"",IFERROR(H7+I7+J7+K7,0)) | M7: =IF(COUNTA(A7:F7,H7:K7,N7)=0,"",IFERROR(E7*L7,0)) | N7: 280 | O7: =IF(COUNTA(A7:F7,H7:K7,N7)=0,"",IFERROR(G7*'Paramètres'!$B$10,0)) | P7: =IF(COUNTA(A7:F7,H7:K7,N7)=0,"",IF(N7>0,N7,O7)) | Q7: =IF(COUNTA(A7:F7,H7:K7,N7)=0,"",IFERROR(M7+P7,0)) | R7: =IF(COUNTA(A7:F7,H7:K7,N7)=0,"",IFERROR(G7-M7,0)) | S7: =IF(COUNTA(A7:F7,H7:K7,N7)=0,"",IFERROR(R7/G7,0)) | T7: =IF(COUNTA(A7:F7,H7:K7,N7)=0,"",IFERROR(G7-Q7,0)) | U7: =IF(COUNTA(A7:F7,H7:K7,N7)=0,"",IFERROR(T7/G7,0)) | V7: =IF(COUNTA(A7:F7,H7:K7,N7)=0,"",IFERROR((L7+(P7/E7))/(1-'Paramètres'!$B$8),0)) | W7: =IF(COUNTA(A7:F7,H7:K7,N7)=0,"",IFERROR(F7-V7,0)) | X7: =IF(COUNTA(A7:F7,H7:K7,N7)=0,"",IFERROR(F7*'Paramètres'!$B$6,0)) | Y7: =IF(COUNTA(A7:F7,H7:K7,N7)=0,"",IFERROR(F7*'Paramètres'!$B$7,0)) | Z7: =IF(COUNTA(A7:F7,H7:K7,N7)=0,"",IFERROR(F7+X7+Y7,0))
A8: PRD-002 | B8: Ensemble de papeterie personnalisée | C8: Produit | D8: Actif | E8: 75 | F8: 48 | G8: =IF(COUNTA(A8:F8,H8:K8,N8)=0,"",IFERROR(E8*F8,0)) | H8: 18.75 | I8: 6.5 | J8: 0 | K8: 2.15 | L8: =IF(COUNTA(A8:F8,H8:K8,N8)=0,"",IFERROR(H8+I8+J8+K8,0)) | M8: =IF(COUNTA(A8:F8,H8:K8,N8)=0,"",IFERROR(E8*L8,0)) | N8: 360 | O8: =IF(COUNTA(A8:F8,H8:K8,N8)=0,"",IFERROR(G8*'Paramètres'!$B$10,0)) | P8: =IF(COUNTA(A8:F8,H8:K8,N8)=0,"",IF(N8>0,N8,O8)) | Q8: =IF(COUNTA(A8:F8,H8:K8,N8)=0,"",IFERROR(M8+P8,0)) | R8: =IF(COUNTA(A8:F8,H8:K8,N8)=0,"",IFERROR(G8-M8,0)) | S8: =IF(COUNTA(A8:F8,H8:K8,N8)=0,"",IFERROR(R8/G8,0)) | T8: =IF(COUNTA(A8:F8,H8:K8,N8)=0,"",IFERROR(G8-Q8,0)) | U8: =IF(COUNTA(A8:F8,H8:K8,N8)=0,"",IFERROR(T8/G8,0)) | V8: =IF(COUNTA(A8:F8,H8:K8,N8)=0,"",IFERROR((L8+(P8/E8))/(1-'Paramètres'!$B$8),0)) | W8: =IF(COUNTA(A8:F8,H8:K8,N8)=0,"",IFERROR(F8-V8,0)) | X8: =IF(COUNTA(A8:F8,H8:K8,N8)=0,"",IFERROR(F8*'Paramètres'!$B$6,0)) | Y8: =IF(COUNTA(A8:F8,H8:K8,N8)=0,"",IFERROR(F8*'Paramètres'!$B$7,0)) | Z8: =IF(COUNTA(A8:F8,H8:K8,N8)=0,"",IFERROR(F8+X8+Y8,0))
A9: SVC-001 | B9: Consultation administrative | C9: Service professionnel | D9: Actif | E9: 18 | F9: 95 | G9: =IF(COUNTA(A9:F9,H9:K9,N9)=0,"",IFERROR(E9*F9,0)) | H9: 0 | I9: 38 | J9: 0 | K9: 3.5 | L9: =IF(COUNTA(A9:F9,H9:K9,N9)=0,"",IFERROR(H9+I9+J9+K9,0)) | M9: =IF(COUNTA(A9:F9,H9:K9,N9)=0,"",IFERROR(E9*L9,0)) | N9: 175 | O9: =IF(COUNTA(A9:F9,H9:K9,N9)=0,"",IFERROR(G9*'Paramètres'!$B$10,0)) | P9: =IF(COUNTA(A9:F9,H9:K9,N9)=0,"",IF(N9>0,N9,O9)) | Q9: =IF(COUNTA(A9:F9,H9:K9,N9)=0,"",IFERROR(M9+P9,0)) | R9: =IF(COUNTA(A9:F9,H9:K9,N9)=0,"",IFERROR(G9-M9,0)) | S9: =IF(COUNTA(A9:F9,H9:K9,N9)=0,"",IFERROR(R9/G9,0)) | T9: =IF(COUNTA(A9:F9,H9:K9,N9)=0,"",IFERROR(G9-Q9,0)) | U9: =IF(COUNTA(A9:F9,H9:K9,N9)=0,"",IFERROR(T9/G9,0)) | V9: =IF(COUNTA(A9:F9,H9:K9,N9)=0,"",IFERROR((L9+(P9/E9))/(1-'Paramètres'!$B$8),0)) | W9: =IF(COUNTA(A9:F9,H9:K9,N9)=0,"",IFERROR(F9-V9,0)) | X9: =IF(COUNTA(A9:F9,H9:K9,N9)=0,"",IFERROR(F9*'Paramètres'!$B$6,0)) | Y9: =IF(COUNTA(A9:F9,H9:K9,N9)=0,"",IFERROR(F9*'Paramètres'!$B$7,0)) | Z9: =IF(COUNTA(A9:F9,H9:K9,N9)=0,"",IFERROR(F9+X9+Y9,0))
A10: SVC-002 | B10: Tenue de livres mensuelle | C10: Forfait récurrent | D10: Actif | E10: 24 | F10: 285 | G10: =IF(COUNTA(A10:F10,H10:K10,N10)=0,"",IFERROR(E10*F10,0)) | H10: 0 | I10: 112 | J10: 0 | K10: 8 | L10: =IF(COUNTA(A10:F10,H10:K10,N10)=0,"",IFERROR(H10+I10+J10+K10,0)) | M10: =IF(COUNTA(A10:F10,H10:K10,N10)=0,"",IFERROR(E10*L10,0)) | N10: 950 | O10: =IF(COUNTA(A10:F10,H10:K10,N10)=0,"",IFERROR(G10*'Paramètres'!$B$10,0)) | P10: =IF(COUNTA(A10:F10,H10:K10,N10)=0,"",IF(N10>0,N10,O10)) | Q10: =IF(COUNTA(A10:F10,H10:K10,N10)=0,"",IFERROR(M10+P10,0)) | R10: =IF(COUNTA(A10:F10,H10:K10,N10)=0,"",IFERROR(G10-M10,0)) | S10: =IF(COUNTA(A10:F10,H10:K10,N10)=0,"",IFERROR(R10/G10,0)) | T10: =IF(COUNTA(A10:F10,H10:K10,N10)=0,"",IFERROR(G10-Q10,0)) | U10: =IF(COUNTA(A10:F10,H10:K10,N10)=0,"",IFERROR(T10/G10,0)) | V10: =IF(COUNTA(A10:F10,H10:K10,N10)=0,"",IFERROR((L10+(P10/E10))/(1-'Paramètres'!$B$8),0)) | W10: =IF(COUNTA(A10:F10,H10:K10,N10)=0,"",IFERROR(F10-V10,0)) | X10: =IF(COUNTA(A10:F10,H10:K10,N10)=0,"",IFERROR(F10*'Paramètres'!$B$6,0)) | Y10: =IF(COUNTA(A10:F10,H10:K10,N10)=0,"",IFERROR(F10*'Paramètres'!$B$7,0)) | Z10: =IF(COUNTA(A10:F10,H10:K10,N10)=0,"",IFERROR(F10+X10+Y10,0))
A11: SVC-003 | B11: Gestion des médias sociaux | C11: Forfait récurrent | D11: À réviser | E11: 12 | F11: 650 | G11: =IF(COUNTA(A11:F11,H11:K11,N11)=0,"",IFERROR(E11*F11,0)) | H11: 35 | I11: 270 | J11: 95 | K11: 18 | L11: =IF(COUNTA(A11:F11,H11:K11,N11)=0,"",IFERROR(H11+I11+J11+K11,0)) | M11: =IF(COUNTA(A11:F11,H11:K11,N11)=0,"",IFERROR(E11*L11,0)) | N11: 1080 | O11: =IF(COUNTA(A11:F11,H11:K11,N11)=0,"",IFERROR(G11*'Paramètres'!$B$10,0)) | P11: =IF(COUNTA(A11:F11,H11:K11,N11)=0,"",IF(N11>0,N11,O11)) | Q11: =IF(COUNTA(A11:F11,H11:K11,N11)=0,"",IFERROR(M11+P11,0)) | R11: =IF(COUNTA(A11:F11,H11:K11,N11)=0,"",IFERROR(G11-M11,0)) | S11: =IF(COUNTA(A11:F11,H11:K11,N11)=0,"",IFERROR(R11/G11,0)) | T11: =IF(COUNTA(A11:F11,H11:K11,N11)=0,"",IFERROR(G11-Q11,0)) | U11: =IF(COUNTA(A11:F11,H11:K11,N11)=0,"",IFERROR(T11/G11,0)) | V11: =IF(COUNTA(A11:F11,H11:K11,N11)=0,"",IFERROR((L11+(P11/E11))/(1-'Paramètres'!$B$8),0)) | W11: =IF(COUNTA(A11:F11,H11:K11,N11)=0,"",IFERROR(F11-V11,0)) | X11: =IF(COUNTA(A11:F11,H11:K11,N11)=0,"",IFERROR(F11*'Paramètres'!$B$6,0)) | Y11: =IF(COUNTA(A11:F11,H11:K11,N11)=0,"",IFERROR(F11*'Paramètres'!$B$7,0)) | Z11: =IF(COUNTA(A11:F11,H11:K11,N11)=0,"",IFERROR(F11+X11+Y11,0))
A12: SVC-004 | B12: Réparation informatique sur place | C12: Service sur le terrain | D12: Actif | E12: 16 | F12: 145 | G12: =IF(COUNTA(A12:F12,H12:K12,N12)=0,"",IFERROR(E12*F12,0)) | H12: 22 | I12: 52 | J12: 0 | K12: 12 | L12: =IF(COUNTA(A12:F12,H12:K12,N12)=0,"",IFERROR(H12+I12+J12+K12,0)) | M12: =IF(COUNTA(A12:F12,H12:K12,N12)=0,"",IFERROR(E12*L12,0)) | N12: 320 | O12: =IF(COUNTA(A12:F12,H12:K12,N12)=0,"",IFERROR(G12*'Paramètres'!$B$10,0)) | P12: =IF(COUNTA(A12:F12,H12:K12,N12)=0,"",IF(N12>0,N12,O12)) | Q12: =IF(COUNTA(A12:F12,H12:K12,N12)=0,"",IFERROR(M12+P12,0)) | R12: =IF(COUNTA(A12:F12,H12:K12,N12)=0,"",IFERROR(G12-M12,0)) | S12: =IF(COUNTA(A12:F12,H12:K12,N12)=0,"",IFERROR(R12/G12,0)) | T12: =IF(COUNTA(A12:F12,H12:K12,N12)=0,"",IFERROR(G12-Q12,0)) | U12: =IF(COUNTA(A12:F12,H12:K12,N12)=0,"",IFERROR(T12/G12,0)) | V12: =IF(COUNTA(A12:F12,H12:K12,N12)=0,"",IFERROR((L12+(P12/E12))/(1-'Paramètres'!$B$8),0)) | W12: =IF(COUNTA(A12:F12,H12:K12,N12)=0,"",IFERROR(F12-V12,0)) | X12: =IF(COUNTA(A12:F12,H12:K12,N12)=0,"",IFERROR(F12*'Paramètres'!$B$6,0)) | Y12: =IF(COUNTA(A12:F12,H12:K12,N12)=0,"",IFERROR(F12*'Paramètres'!$B$7,0)) | Z12: =IF(COUNTA(A12:F12,H12:K12,N12)=0,"",IFERROR(F12+X12+Y12,0))
A13: SVC-005 | B13: Formation Excel en entreprise | C13: Formation | D13: Actif | E13: 6 | F13: 1250 | G13: =IF(COUNTA(A13:F13,H13:K13,N13)=0,"",IFERROR(E13*F13,0)) | H13: 45 | I13: 475 | J13: 0 | K13: 30 | L13: =IF(COUNTA(A13:F13,H13:K13,N13)=0,"",IFERROR(H13+I13+J13+K13,0)) | M13: =IF(COUNTA(A13:F13,H13:K13,N13)=0,"",IFERROR(E13*L13,0)) | N13: 620 | O13: =IF(COUNTA(A13:F13,H13:K13,N13)=0,"",IFERROR(G13*'Paramètres'!$B$10,0)) | P13: =IF(COUNTA(A13:F13,H13:K13,N13)=0,"",IF(N13>0,N13,O13)) | Q13: =IF(COUNTA(A13:F13,H13:K13,N13)=0,"",IFERROR(M13+P13,0)) | R13: =IF(COUNTA(A13:F13,H13:K13,N13)=0,"",IFERROR(G13-M13,0)) | S13: =IF(COUNTA(A13:F13,H13:K13,N13)=0,"",IFERROR(R13/G13,0)) | T13: =IF(COUNTA(A13:F13,H13:K13,N13)=0,"",IFERROR(G13-Q13,0)) | U13: =IF(COUNTA(A13:F13,H13:K13,N13)=0,"",IFERROR(T13/G13,0)) | V13: =IF(COUNTA(A13:F13,H13:K13,N13)=0,"",IFERROR((L13+(P13/E13))/(1-'Paramètres'!$B$8),0)) | W13: =IF(COUNTA(A13:F13,H13:K13,N13)=0,"",IFERROR(F13-V13,0)) | X13: =IF(COUNTA(A13:F13,H13:K13,N13)=0,"",IFERROR(F13*'Paramètres'!$B$6,0)) | Y13: =IF(COUNTA(A13:F13,H13:K13,N13)=0,"",IFERROR(F13*'Paramètres'!$B$7,0)) | Z13: =IF(COUNTA(A13:F13,H13:K13,N13)=0,"",IFERROR(F13+X13+Y13,0))
A14: PRD-003 | B14: Panier-cadeau local | C14: Produit | D14: À réviser | E14: 40 | F14: 78 | G14: =IF(COUNTA(A14:F14,H14:K14,N14)=0,"",IFERROR(E14*F14,0)) | H14: 43 | I14: 7.5 | J14: 0 | K14: 3.25 | L14: =IF(COUNTA(A14:F14,H14:K14,N14)=0,"",IFERROR(H14+I14+J14+K14,0)) | M14: =IF(COUNTA(A14:F14,H14:K14,N14)=0,"",IFERROR(E14*L14,0)) | N14: 250 | O14: =IF(COUNTA(A14:F14,H14:K14,N14)=0,"",IFERROR(G14*'Paramètres'!$B$10,0)) | P14: =IF(COUNTA(A14:F14,H14:K14,N14)=0,"",IF(N14>0,N14,O14)) | Q14: =IF(COUNTA(A14:F14,H14:K14,N14)=0,"",IFERROR(M14+P14,0)) | R14: =IF(COUNTA(A14:F14,H14:K14,N14)=0,"",IFERROR(G14-M14,0)) | S14: =IF(COUNTA(A14:F14,H14:K14,N14)=0,"",IFERROR(R14/G14,0)) | T14: =IF(COUNTA(A14:F14,H14:K14,N14)=0,"",IFERROR(G14-Q14,0)) | U14: =IF(COUNTA(A14:F14,H14:K14,N14)=0,"",IFERROR(T14/G14,0)) | V14: =IF(COUNTA(A14:F14,H14:K14,N14)=0,"",IFERROR((L14+(P14/E14))/(1-'Paramètres'!$B$8),0)) | W14: =IF(COUNTA(A14:F14,H14:K14,N14)=0,"",IFERROR(F14-V14,0)) | X14: =IF(COUNTA(A14:F14,H14:K14,N14)=0,"",IFERROR(F14*'Paramètres'!$B$6,0)) | Y14: =IF(COUNTA(A14:F14,H14:K14,N14)=0,"",IFERROR(F14*'Paramètres'!$B$7,0)) | Z14: =IF(COUNTA(A14:F14,H14:K14,N14)=0,"",IFERROR(F14+X14+Y14,0))
A15: SVC-006 | B15: Entretien de site Web mensuel | C15: Forfait récurrent | D15: Actif | E15: 20 | F15: 180 | G15: =IF(COUNTA(A15:F15,H15:K15,N15)=0,"",IFERROR(E15*F15,0)) | H15: 8 | I15: 62 | J15: 20 | K15: 5 | L15: =IF(COUNTA(A15:F15,H15:K15,N15)=0,"",IFERROR(H15+I15+J15+K15,0)) | M15: =IF(COUNTA(A15:F15,H15:K15,N15)=0,"",IFERROR(E15*L15,0)) | N15: 400 | O15: =IF(COUNTA(A15:F15,H15:K15,N15)=0,"",IFERROR(G15*'Paramètres'!$B$10,0)) | P15: =IF(COUNTA(A15:F15,H15:K15,N15)=0,"",IF(N15>0,N15,O15)) | Q15: =IF(COUNTA(A15:F15,H15:K15,N15)=0,"",IFERROR(M15+P15,0)) | R15: =IF(COUNTA(A15:F15,H15:K15,N15)=0,"",IFERROR(G15-M15,0)) | S15: =IF(COUNTA(A15:F15,H15:K15,N15)=0,"",IFERROR(R15/G15,0)) | T15: =IF(COUNTA(A15:F15,H15:K15,N15)=0,"",IFERROR(G15-Q15,0)) | U15: =IF(COUNTA(A15:F15,H15:K15,N15)=0,"",IFERROR(T15/G15,0)) | V15: =IF(COUNTA(A15:F15,H15:K15,N15)=0,"",IFERROR((L15+(P15/E15))/(1-'Paramètres'!$B$8),0)) | W15: =IF(COUNTA(A15:F15,H15:K15,N15)=0,"",IFERROR(F15-V15,0)) | X15: =IF(COUNTA(A15:F15,H15:K15,N15)=0,"",IFERROR(F15*'Paramètres'!$B$6,0)) | Y15: =IF(COUNTA(A15:F15,H15:K15,N15)=0,"",IFERROR(F15*'Paramètres'!$B$7,0)) | Z15: =IF(COUNTA(A15:F15,H15:K15,N15)=0,"",IFERROR(F15+X15+Y15,0))
A16: SVC-007 | B16: Accompagnement au démarrage | C16: Service professionnel | D16: Inactif | E16: 4 | F16: 875 | G16: =IF(COUNTA(A16:F16,H16:K16,N16)=0,"",IFERROR(E16*F16,0)) | H16: 0 | I16: 360 | J16: 0 | K16: 15 | L16: =IF(COUNTA(A16:F16,H16:K16,N16)=0,"",IFERROR(H16+I16+J16+K16,0)) | M16: =IF(COUNTA(A16:F16,H16:K16,N16)=0,"",IFERROR(E16*L16,0)) | N16: 280 | O16: =IF(COUNTA(A16:F16,H16:K16,N16)=0,"",IFERROR(G16*'Paramètres'!$B$10,0)) | P16: =IF(COUNTA(A16:F16,H16:K16,N16)=0,"",IF(N16>0,N16,O16)) | Q16: =IF(COUNTA(A16:F16,H16:K16,N16)=0,"",IFERROR(M16+P16,0)) | R16: =IF(COUNTA(A16:F16,H16:K16,N16)=0,"",IFERROR(G16-M16,0)) | S16: =IF(COUNTA(A16:F16,H16:K16,N16)=0,"",IFERROR(R16/G16,0)) | T16: =IF(COUNTA(A16:F16,H16:K16,N16)=0,"",IFERROR(G16-Q16,0)) | U16: =IF(COUNTA(A16:F16,H16:K16,N16)=0,"",IFERROR(T16/G16,0)) | V16: =IF(COUNTA(A16:F16,H16:K16,N16)=0,"",IFERROR((L16+(P16/E16))/(1-'Paramètres'!$B$8),0)) | W16: =IF(COUNTA(A16:F16,H16:K16,N16)=0,"",IFERROR(F16-V16,0)) | X16: =IF(COUNTA(A16:F16,H16:K16,N16)=0,"",IFERROR(F16*'Paramètres'!$B$6,0)) | Y16: =IF(COUNTA(A16:F16,H16:K16,N16)=0,"",IFERROR(F16*'Paramètres'!$B$7,0)) | Z16: =IF(COUNTA(A16:F16,H16:K16,N16)=0,"",IFERROR(F16+X16+Y16,0))
G17: =IF(COUNTA(A17:F17,H17:K17,N17)=0,"",IFERROR(E17*F17,0)) | L17: =IF(COUNTA(A17:F17,H17:K17,N17)=0,"",IFERROR(H17+I17+J17+K17,0)) | M17: =IF(COUNTA(A17:F17,H17:K17,N17)=0,"",IFERROR(E17*L17,0)) | O17: =IF(COUNTA(A17:F17,H17:K17,N17)=0,"",IFERROR(G17*'Paramètres'!$B$10,0)) | P17: =IF(COUNTA(A17:F17,H17:K17,N17)=0,"",IF(N17>0,N17,O17)) | Q17: =IF(COUNTA(A17:F17,H17:K17,N17)=0,"",IFERROR(M17+P17,0)) | R17: =IF(COUNTA(A17:F17,H17:K17,N17)=0,"",IFERROR(G17-M17,0)) | S17: =IF(COUNTA(A17:F17,H17:K17,N17)=0,"",IFERROR(R17/G17,0)) | T17: =IF(COUNTA(A17:F17,H17:K17,N17)=0,"",IFERROR(G17-Q17,0)) | U17: =IF(COUNTA(A17:F17,H17:K17,N17)=0,"",IFERROR(T17/G17,0)) | V17: =IF(COUNTA(A17:F17,H17:K17,N17)=0,"",IFERROR((L17+(P17/E17))/(1-'Paramètres'!$B$8),0)) | W17: =IF(COUNTA(A17:F17,H17:K17,N17)=0,"",IFERROR(F17-V17,0)) | X17: =IF(COUNTA(A17:F17,H17:K17,N17)=0,"",IFERROR(F17*'Paramètres'!$B$6,0)) | Y17: =IF(COUNTA(A17:F17,H17:K17,N17)=0,"",IFERROR(F17*'Paramètres'!$B$7,0)) | Z17: =IF(COUNTA(A17:F17,H17:K17,N17)=0,"",IFERROR(F17+X17+Y17,0))
A18: CONTRÔLE DES TOTAUX | G18: =IFERROR(SUM(G7:G16),0) | L18: =IF(COUNTA(A18:F18,H18:K18,N18)=0,"",IFERROR(H18+I18+J18+K18,0)) | M18: =IFERROR(SUM(M7:M16),0) | O18: =IF(COUNTA(A18:F18,H18:K18,N18)=0,"",IFERROR(G18*'Paramètres'!$B$10,0)) | P18: =IFERROR(SUM(P7:P16),0) | Q18: =IFERROR(SUM(Q7:Q16),0) | R18: =IFERROR(SUM(R7:R16),0) | S18: =IFERROR(R18/G18,0) | T18: =IFERROR(SUM(T7:T16),0) | U18: =IFERROR(T18/G18,0) | V18: =IF(COUNTA(A18:F18,H18:K18,N18)=0,"",IFERROR((L18+(P18/E18))/(1-'Paramètres'!$B$8),0)) | W18: =IF(COUNTA(A18:F18,H18:K18,N18)=0,"",IFERROR(F18-V18,0)) | X18: =IFERROR(SUM(X7:X16),0) | Y18: =IFERROR(SUM(Y7:Y16),0) | Z18: =IF(COUNTA(A18:F18,H18:K18,N18)=0,"",IFERROR(F18+X18+Y18,0))
G19: =IF(COUNTA(A19:F19,H19:K19,N19)=0,"",IFERROR(E19*F19,0)) | L19: =IF(COUNTA(A19:F19,H19:K19,N19)=0,"",IFERROR(H19+I19+J19+K19,0)) | M19: =IF(COUNTA(A19:F19,H19:K19,N19)=0,"",IFERROR(E19*L19,0)) | O19: =IF(COUNTA(A19:F19,H19:K19,N19)=0,"",IFERROR(G19*'Paramètres'!$B$10,0)) | P19: =IF(COUNTA(A19:F19,H19:K19,N19)=0,"",IF(N19>0,N19,O19)) | Q19: =IF(COUNTA(A19:F19,H19:K19,N19)=0,"",IFERROR(M19+P19,0)) | R19: =IF(COUNTA(A19:F19,H19:K19,N19)=0,"",IFERROR(G19-M19,0)) | S19: =IF(COUNTA(A19:F19,H19:K19,N19)=0,"",IFERROR(R19/G19,0)) | T19: =IF(COUNTA(A19:F19,H19:K19,N19)=0,"",IFERROR(G19-Q19,0)) | U19: =IF(COUNTA(A19:F19,H19:K19,N19)=0,"",IFERROR(T19/G19,0)) | V19: =IF(COUNTA(A19:F19,H19:K19,N19)=0,"",IFERROR((L19+(P19/E19))/(1-'Paramètres'!$B$8),0)) | W19: =IF(COUNTA(A19:F19,H19:K19,N19)=0,"",IFERROR(F19-V19,0)) | X19: =IF(COUNTA(A19:F19,H19:K19,N19)=0,"",IFERROR(F19*'Paramètres'!$B$6,0)) | Y19: =IF(COUNTA(A19:F19,H19:K19,N19)=0,"",IFERROR(F19*'Paramètres'!$B$7,0)) | Z19: =IF(COUNTA(A19:F19,H19:K19,N19)=0,"",IFERROR(F19+X19+Y19,0))
G20: =IF(COUNTA(A20:F20,H20:K20,N20)=0,"",IFERROR(E20*F20,0)) | L20: =IF(COUNTA(A20:F20,H20:K20,N20)=0,"",IFERROR(H20+I20+J20+K20,0)) | M20: =IF(COUNTA(A20:F20,H20:K20,N20)=0,"",IFERROR(E20*L20,0)) | O20: =IF(COUNTA(A20:F20,H20:K20,N20)=0,"",IFERROR(G20*'Paramètres'!$B$10,0)) | P20: =IF(COUNTA(A20:F20,H20:K20,N20)=0,"",IF(N20>0,N20,O20)) | Q20: =IF(COUNTA(A20:F20,H20:K20,N20)=0,"",IFERROR(M20+P20,0)) | R20: =IF(COUNTA(A20:F20,H20:K20,N20)=0,"",IFERROR(G20-M20,0)) | S20: =IF(COUNTA(A20:F20,H20:K20,N20)=0,"",IFERROR(R20/G20,0)) | T20: =IF(COUNTA(A20:F20,H20:K20,N20)=0,"",IFERROR(G20-Q20,0)) | U20: =IF(COUNTA(A20:F20,H20:K20,N20)=0,"",IFERROR(T20/G20,0)) | V20: =IF(COUNTA(A20:F20,H20:K20,N20)=0,"",IFERROR((L20+(P20/E20))/(1-'Paramètres'!$B$8),0)) | W20: =IF(COUNTA(A20:F20,H20:K20,N20)=0,"",IFERROR(F20-V20,0)) | X20: =IF(COUNTA(A20:F20,H20:K20,N20)=0,"",IFERROR(F20*'Paramètres'!$B$6,0)) | Y20: =IF(COUNTA(A20:F20,H20:K20,N20)=0,"",IFERROR(F20*'Paramètres'!$B$7,0)) | Z20: =IF(COUNTA(A20:F20,H20:K20,N20)=0,"",IFERROR(F20+X20+Y20,0))
G21: =IF(COUNTA(A21:F21,H21:K21,N21)=0,"",IFERROR(E21*F21,0)) | L21: =IF(COUNTA(A21:F21,H21:K21,N21)=0,"",IFERROR(H21+I21+J21+K21,0)) | M21: =IF(COUNTA(A21:F21,H21:K21,N21)=0,"",IFERROR(E21*L21,0)) | O21: =IF(COUNTA(A21:F21,H21:K21,N21)=0,"",IFERROR(G21*'Paramètres'!$B$10,0)) | P21: =IF(COUNTA(A21:F21,H21:K21,N21)=0,"",IF(N21>0,N21,O21)) | Q21: =IF(COUNTA(A21:F21,H21:K21,N21)=0,"",IFERROR(M21+P21,0)) | R21: =IF(COUNTA(A21:F21,H21:K21,N21)=0,"",IFERROR(G21-M21,0)) | S21: =IF(COUNTA(A21:F21,H21:K21,N21)=0,"",IFERROR(R21/G21,0)) | T21: =IF(COUNTA(A21:F21,H21:K21,N21)=0,"",IFERROR(G21-Q21,0)) | U21: =IF(COUNTA(A21:F21,H21:K21,N21)=0,"",IFERROR(T21/G21,0)) | V21: =IF(COUNTA(A21:F21,H21:K21,N21)=0,"",IFERROR((L21+(P21/E21))/(1-'Paramètres'!$B$8),0)) | W21: =IF(COUNTA(A21:F21,H21:K21,N21)=0,"",IFERROR(F21-V21,0)) | X21: =IF(COUNTA(A21:F21,H21:K21,N21)=0,"",IFERROR(F21*'Paramètres'!$B$6,0)) | Y21: =IF(COUNTA(A21:F21,H21:K21,N21)=0,"",IFERROR(F21*'Paramètres'!$B$7,0)) | Z21: =IF(COUNTA(A21:F21,H21:K21,N21)=0,"",IFERROR(F21+X21+Y21,0))
G22: =IF(COUNTA(A22:F22,H22:K22,N22)=0,"",IFERROR(E22*F22,0)) | L22: =IF(COUNTA(A22:F22,H22:K22,N22)=0,"",IFERROR(H22+I22+J22+K22,0)) | M22: =IF(COUNTA(A22:F22,H22:K22,N22)=0,"",IFERROR(E22*L22,0)) | O22: =IF(COUNTA(A22:F22,H22:K22,N22)=0,"",IFERROR(G22*'Paramètres'!$B$10,0)) | P22: =IF(COUNTA(A22:F22,H22:K22,N22)=0,"",IF(N22>0,N22,O22)) | Q22: =IF(COUNTA(A22:F22,H22:K22,N22)=0,"",IFERROR(M22+P22,0)) | R22: =IF(COUNTA(A22:F22,H22:K22,N22)=0,"",IFERROR(G22-M22,0)) | S22: =IF(COUNTA(A22:F22,H22:K22,N22)=0,"",IFERROR(R22/G22,0)) | T22: =IF(COUNTA(A22:F22,H22:K22,N22)=0,"",IFERROR(G22-Q22,0)) | U22: =IF(COUNTA(A22:F22,H22:K22,N22)=0,"",IFERROR(T22/G22,0)) | V22: =IF(COUNTA(A22:F22,H22:K22,N22)=0,"",IFERROR((L22+(P22/E22))/(1-'Paramètres'!$B$8),0)) | W22: =IF(COUNTA(A22:F22,H22:K22,N22)=0,"",IFERROR(F22-V22,0)) | X22: =IF(COUNTA(A22:F22,H22:K22,N22)=0,"",IFERROR(F22*'Paramètres'!$B$6,0)) | Y22: =IF(COUNTA(A22:F22,H22:K22,N22)=0,"",IFERROR(F22*'Paramètres'!$B$7,0)) | Z22: =IF(COUNTA(A22:F22,H22:K22,N22)=0,"",IFERROR(F22+X22+Y22,0))
G23: =IF(COUNTA(A23:F23,H23:K23,N23)=0,"",IFERROR(E23*F23,0)) | L23: =IF(COUNTA(A23:F23,H23:K23,N23)=0,"",IFERROR(H23+I23+J23+K23,0)) | M23: =IF(COUNTA(A23:F23,H23:K23,N23)=0,"",IFERROR(E23*L23,0)) | O23: =IF(COUNTA(A23:F23,H23:K23,N23)=0,"",IFERROR(G23*'Paramètres'!$B$10,0)) | P23: =IF(COUNTA(A23:F23,H23:K23,N23)=0,"",IF(N23>0,N23,O23)) | Q23: =IF(COUNTA(A23:F23,H23:K23,N23)=0,"",IFERROR(M23+P23,0)) | R23: =IF(COUNTA(A23:F23,H23:K23,N23)=0,"",IFERROR(G23-M23,0)) | S23: =IF(COUNTA(A23:F23,H23:K23,N23)=0,"",IFERROR(R23/G23,0)) | T23: =IF(COUNTA(A23:F23,H23:K23,N23)=0,"",IFERROR(G23-Q23,0)) | U23: =IF(COUNTA(A23:F23,H23:K23,N23)=0,"",IFERROR(T23/G23,0)) | V23: =IF(COUNTA(A23:F23,H23:K23,N23)=0,"",IFERROR((L23+(P23/E23))/(1-'Paramètres'!$B$8),0)) | W23: =IF(COUNTA(A23:F23,H23:K23,N23)=0,"",IFERROR(F23-V23,0)) | X23: =IF(COUNTA(A23:F23,H23:K23,N23)=0,"",IFERROR(F23*'Paramètres'!$B$6,0)) | Y23: =IF(COUNTA(A23:F23,H23:K23,N23)=0,"",IFERROR(F23*'Paramètres'!$B$7,0)) | Z23: =IF(COUNTA(A23:F23,H23:K23,N23)=0,"",IFERROR(F23+X23+Y23,0))
G24: =IF(COUNTA(A24:F24,H24:K24,N24)=0,"",IFERROR(E24*F24,0)) | L24: =IF(COUNTA(A24:F24,H24:K24,N24)=0,"",IFERROR(H24+I24+J24+K24,0)) | M24: =IF(COUNTA(A24:F24,H24:K24,N24)=0,"",IFERROR(E24*L24,0)) | O24: =IF(COUNTA(A24:F24,H24:K24,N24)=0,"",IFERROR(G24*'Paramètres'!$B$10,0)) | P24: =IF(COUNTA(A24:F24,H24:K24,N24)=0,"",IF(N24>0,N24,O24)) | Q24: =IF(COUNTA(A24:F24,H24:K24,N24)=0,"",IFERROR(M24+P24,0)) | R24: =IF(COUNTA(A24:F24,H24:K24,N24)=0,"",IFERROR(G24-M24,0)) | S24: =IF(COUNTA(A24:F24,H24:K24,N24)=0,"",IFERROR(R24/G24,0)) | T24: =IF(COUNTA(A24:F24,H24:K24,N24)=0,"",IFERROR(G24-Q24,0)) | U24: =IF(COUNTA(A24:F24,H24:K24,N24)=0,"",IFERROR(T24/G24,0)) | V24: =IF(COUNTA(A24:F24,H24:K24,N24)=0,"",IFERROR((L24+(P24/E24))/(1-'Paramètres'!$B$8),0)) | W24: =IF(COUNTA(A24:F24,H24:K24,N24)=0,"",IFERROR(F24-V24,0)) | X24: =IF(COUNTA(A24:F24,H24:K24,N24)=0,"",IFERROR(F24*'Paramètres'!$B$6,0)) | Y24: =IF(COUNTA(A24:F24,H24:K24,N24)=0,"",IFERROR(F24*'Paramètres'!$B$7,0)) | Z24: =IF(COUNTA(A24:F24,H24:K24,N24)=0,"",IFERROR(F24+X24+Y24,0))
G25: =IF(COUNTA(A25:F25,H25:K25,N25)=0,"",IFERROR(E25*F25,0)) | L25: =IF(COUNTA(A25:F25,H25:K25,N25)=0,"",IFERROR(H25+I25+J25+K25,0)) | M25: =IF(COUNTA(A25:F25,H25:K25,N25)=0,"",IFERROR(E25*L25,0)) | O25: =IF(COUNTA(A25:F25,H25:K25,N25)=0,"",IFERROR(G25*'Paramètres'!$B$10,0)) | P25: =IF(COUNTA(A25:F25,H25:K25,N25)=0,"",IF(N25>0,N25,O25)) | Q25: =IF(COUNTA(A25:F25,H25:K25,N25)=0,"",IFERROR(M25+P25,0)) | R25: =IF(COUNTA(A25:F25,H25:K25,N25)=0,"",IFERROR(G25-M25,0)) | S25: =IF(COUNTA(A25:F25,H25:K25,N25)=0,"",IFERROR(R25/G25,0)) | T25: =IF(COUNTA(A25:F25,H25:K25,N25)=0,"",IFERROR(G25-Q25,0)) | U25: =IF(COUNTA(A25:F25,H25:K25,N25)=0,"",IFERROR(T25/G25,0)) | V25: =IF(COUNTA(A25:F25,H25:K25,N25)=0,"",IFERROR((L25+(P25/E25))/(1-'Paramètres'!$B$8),0)) | W25: =IF(COUNTA(A25:F25,H25:K25,N25)=0,"",IFERROR(F25-V25,0)) | X25: =IF(COUNTA(A25:F25,H25:K25,N25)=0,"",IFERROR(F25*'Paramètres'!$B$6,0)) | Y25: =IF(COUNTA(A25:F25,H25:K25,N25)=0,"",IFERROR(F25*'Paramètres'!$B$7,0)) | Z25: =IF(COUNTA(A25:F25,H25:K25,N25)=0,"",IFERROR(F25+X25+Y25,0))
G26: =IF(COUNTA(A26:F26,H26:K26,N26)=0,"",IFERROR(E26*F26,0)) | L26: =IF(COUNTA(A26:F26,H26:K26,N26)=0,"",IFERROR(H26+I26+J26+K26,0)) | M26: =IF(COUNTA(A26:F26,H26:K26,N26)=0,"",IFERROR(E26*L26,0)) | O26: =IF(COUNTA(A26:F26,H26:K26,N26)=0,"",IFERROR(G26*'Paramètres'!$B$10,0)) | P26: =IF(COUNTA(A26:F26,H26:K26,N26)=0,"",IF(N26>0,N26,O26)) | Q26: =IF(COUNTA(A26:F26,H26:K26,N26)=0,"",IFERROR(M26+P26,0)) | R26: =IF(COUNTA(A26:F26,H26:K26,N26)=0,"",IFERROR(G26-M26,0)) | S26: =IF(COUNTA(A26:F26,H26:K26,N26)=0,"",IFERROR(R26/G26,0)) | T26: =IF(COUNTA(A26:F26,H26:K26,N26)=0,"",IFERROR(G26-Q26,0)) | U26: =IF(COUNTA(A26:F26,H26:K26,N26)=0,"",IFERROR(T26/G26,0)) | V26: =IF(COUNTA(A26:F26,H26:K26,N26)=0,"",IFERROR((L26+(P26/E26))/(1-'Paramètres'!$B$8),0)) | W26: =IF(COUNTA(A26:F26,H26:K26,N26)=0,"",IFERROR(F26-V26,0)) | X26: =IF(COUNTA(A26:F26,H26:K26,N26)=0,"",IFERROR(F26*'Paramètres'!$B$6,0)) | Y26: =IF(COUNTA(A26:F26,H26:K26,N26)=0,"",IFERROR(F26*'Paramètres'!$B$7,0)) | Z26: =IF(COUNTA(A26:F26,H26:K26,N26)=0,"",IFERROR(F26+X26+Y26,0))
G27: =IF(COUNTA(A27:F27,H27:K27,N27)=0,"",IFERROR(E27*F27,0)) | L27: =IF(COUNTA(A27:F27,H27:K27,N27)=0,"",IFERROR(H27+I27+J27+K27,0)) | M27: =IF(COUNTA(A27:F27,H27:K27,N27)=0,"",IFERROR(E27*L27,0)) | O27: =IF(COUNTA(A27:F27,H27:K27,N27)=0,"",IFERROR(G27*'Paramètres'!$B$10,0)) | P27: =IF(COUNTA(A27:F27,H27:K27,N27)=0,"",IF(N27>0,N27,O27)) | Q27: =IF(COUNTA(A27:F27,H27:K27,N27)=0,"",IFERROR(M27+P27,0)) | R27: =IF(COUNTA(A27:F27,H27:K27,N27)=0,"",IFERROR(G27-M27,0)) | S27: =IF(COUNTA(A27:F27,H27:K27,N27)=0,"",IFERROR(R27/G27,0)) | T27: =IF(COUNTA(A27:F27,H27:K27,N27)=0,"",IFERROR(G27-Q27,0)) | U27: =IF(COUNTA(A27:F27,H27:K27,N27)=0,"",IFERROR(T27/G27,0)) | V27: =IF(COUNTA(A27:F27,H27:K27,N27)=0,"",IFERROR((L27+(P27/E27))/(1-'Paramètres'!$B$8),0)) | W27: =IF(COUNTA(A27:F27,H27:K27,N27)=0,"",IFERROR(F27-V27,0)) | X27: =IF(COUNTA(A27:F27,H27:K27,N27)=0,"",IFERROR(F27*'Paramètres'!$B$6,0)) | Y27: =IF(COUNTA(A27:F27,H27:K27,N27)=0,"",IFERROR(F27*'Paramètres'!$B$7,0)) | Z27: =IF(COUNTA(A27:F27,H27:K27,N27)=0,"",IFERROR(F27+X27+Y27,0))
G28: =IF(COUNTA(A28:F28,H28:K28,N28)=0,"",IFERROR(E28*F28,0)) | L28: =IF(COUNTA(A28:F28,H28:K28,N28)=0,"",IFERROR(H28+I28+J28+K28,0)) | M28: =IF(COUNTA(A28:F28,H28:K28,N28)=0,"",IFERROR(E28*L28,0)) | O28: =IF(COUNTA(A28:F28,H28:K28,N28)=0,"",IFERROR(G28*'Paramètres'!$B$10,0)) | P28: =IF(COUNTA(A28:F28,H28:K28,N28)=0,"",IF(N28>0,N28,O28)) | Q28: =IF(COUNTA(A28:F28,H28:K28,N28)=0,"",IFERROR(M28+P28,0)) | R28: =IF(COUNTA(A28:F28,H28:K28,N28)=0,"",IFERROR(G28-M28,0)) | S28: =IF(COUNTA(A28:F28,H28:K28,N28)=0,"",IFERROR(R28/G28,0)) | T28: =IF(COUNTA(A28:F28,H28:K28,N28)=0,"",IFERROR(G28-Q28,0)) | U28: =IF(COUNTA(A28:F28,H28:K28,N28)=0,"",IFERROR(T28/G28,0)) | V28: =IF(COUNTA(A28:F28,H28:K28,N28)=0,"",IFERROR((L28+(P28/E28))/(1-'Paramètres'!$B$8),0)) | W28: =IF(COUNTA(A28:F28,H28:K28,N28)=0,"",IFERROR(F28-V28,0)) | X28: =IF(COUNTA(A28:F28,H28:K28,N28)=0,"",IFERROR(F28*'Paramètres'!$B$6,0)) | Y28: =IF(COUNTA(A28:F28,H28:K28,N28)=0,"",IFERROR(F28*'Paramètres'!$B$7,0)) | Z28: =IF(COUNTA(A28:F28,H28:K28,N28)=0,"",IFERROR(F28+X28+Y28,0))
G29: =IF(COUNTA(A29:F29,H29:K29,N29)=0,"",IFERROR(E29*F29,0)) | L29: =IF(COUNTA(A29:F29,H29:K29,N29)=0,"",IFERROR(H29+I29+J29+K29,0)) | M29: =IF(COUNTA(A29:F29,H29:K29,N29)=0,"",IFERROR(E29*L29,0)) | O29: =IF(COUNTA(A29:F29,H29:K29,N29)=0,"",IFERROR(G29*'Paramètres'!$B$10,0)) | P29: =IF(COUNTA(A29:F29,H29:K29,N29)=0,"",IF(N29>0,N29,O29)) | Q29: =IF(COUNTA(A29:F29,H29:K29,N29)=0,"",IFERROR(M29+P29,0)) | R29: =IF(COUNTA(A29:F29,H29:K29,N29)=0,"",IFERROR(G29-M29,0)) | S29: =IF(COUNTA(A29:F29,H29:K29,N29)=0,"",IFERROR(R29/G29,0)) | T29: =IF(COUNTA(A29:F29,H29:K29,N29)=0,"",IFERROR(G29-Q29,0)) | U29: =IF(COUNTA(A29:F29,H29:K29,N29)=0,"",IFERROR(T29/G29,0)) | V29: =IF(COUNTA(A29:F29,H29:K29,N29)=0,"",IFERROR((L29+(P29/E29))/(1-'Paramètres'!$B$8),0)) | W29: =IF(COUNTA(A29:F29,H29:K29,N29)=0,"",IFERROR(F29-V29,0)) | X29: =IF(COUNTA(A29:F29,H29:K29,N29)=0,"",IFERROR(F29*'Paramètres'!$B$6,0)) | Y29: =IF(COUNTA(A29:F29,H29:K29,N29)=0,"",IFERROR(F29*'Paramètres'!$B$7,0)) | Z29: =IF(COUNTA(A29:F29,H29:K29,N29)=0,"",IFERROR(F29+X29+Y29,0))
G30: =IF(COUNTA(A30:F30,H30:K30,N30)=0,"",IFERROR(E30*F30,0)) | L30: =IF(COUNTA(A30:F30,H30:K30,N30)=0,"",IFERROR(H30+I30+J30+K30,0)) | M30: =IF(COUNTA(A30:F30,H30:K30,N30)=0,"",IFERROR(E30*L30,0)) | O30: =IF(COUNTA(A30:F30,H30:K30,N30)=0,"",IFERROR(G30*'Paramètres'!$B$10,0)) | P30: =IF(COUNTA(A30:F30,H30:K30,N30)=0,"",IF(N30>0,N30,O30)) | Q30: =IF(COUNTA(A30:F30,H30:K30,N30)=0,"",IFERROR(M30+P30,0)) | R30: =IF(COUNTA(A30:F30,H30:K30,N30)=0,"",IFERROR(G30-M30,0)) | S30: =IF(COUNTA(A30:F30,H30:K30,N30)=0,"",IFERROR(R30/G30,0)) | T30: =IF(COUNTA(A30:F30,H30:K30,N30)=0,"",IFERROR(G30-Q30,0)) | U30: =IF(COUNTA(A30:F30,H30:K30,N30)=0,"",IFERROR(T30/G30,0)) | V30: =IF(COUNTA(A30:F30,H30:K30,N30)=0,"",IFERROR((L30+(P30/E30))/(1-'Paramètres'!$B$8),0)) | W30: =IF(COUNTA(A30:F30,H30:K30,N30)=0,"",IFERROR(F30-V30,0)) | X30: =IF(COUNTA(A30:F30,H30:K30,N30)=0,"",IFERROR(F30*'Paramètres'!$B$6,0)) | Y30: =IF(COUNTA(A30:F30,H30:K30,N30)=0,"",IFERROR(F30*'Paramètres'!$B$7,0)) | Z30: =IF(COUNTA(A30:F30,H30:K30,N30)=0,"",IFERROR(F30+X30+Y30,0))
... G206: =IF(COUNTA(A206:F206,H206:K206,N206)=0,"",IFERROR(E206*F206,0)) | L206: =IF(COUNTA(A206:F206,H206:K206,N206)=0,"",IFERROR(H206+I206+J206+K206,0)) | M206: =IF(COUNTA(A206:F206,H206:K206,N206)=0,"",IFERROR(E206*L206,0)) | O206: =IF(COUNTA(A206:F206,H206:K206,N206)=0,"",IFERROR(G206*'Paramètres'!$B$10,0)) | P206: =IF(COUNTA(A206:F206,H206:K206,N206)=0,"",IF(N206>0,N206,O206)) | Q206: =IF(COUNTA(A206:F206,H206:K206,N206)=0,"",IFERROR(M206+P206,0)) | R206: =IF(COUNTA(A206:F206,H206:K206,N206)=0,"",IFERROR(G206-M206,0)) | S206: =IF(COUNTA(A206:F206,H206:K206,N206)=0,"",IFERROR(R206/G206,0)) | T206: =IF(COUNTA(A206:F206,H206:K206,N206)=0,"",IFERROR(G206-Q206,0)) | U206: =IF(COUNTA(A206:F206,H206:K206,N206)=0,"",IFERROR(T206/G206,0)) | V206: =IF(COUNTA(A206:F206,H206:K206,N206)=0,"",IFERROR((L206+(P206/E206))/(1-'Paramètres'!$B$8),0)) | W206: =IF(COUNTA(A206:F206,H206:K206,N206)=0,"",IFERROR(F206-V206,0)) | X206: =IF(COUNTA(A206:F206,H206:K206,N206)=0,"",IFERROR(F206*'Paramètres'!$B$6,0)) | Y206: =IF(COUNTA(A206:F206,H206:K206,N206)=0,"",IFERROR(F206*'Paramètres'!$B$7,0)) | Z206: =IF(COUNTA(A206:F206,H206:K206,N206)=0,"",IFERROR(F206+X206+Y206,0))
